 Dungeon Crawl Stone Soup version 0.31-a0-7-g51783674b7 (webtiles) character file.

Game seed: 17472214941757303321

380 Dittersdorf the Trooper (level 6, -13/40 HPs)
             Began as a Gargoyle Fighter on May 5, 2023.
             Mangled by an ogre
             ... wielding a +0 giant club
              (23 damage)
             ... on level 5 of the Dungeon.
             The game lasted 00:03:52 (2892 turns).

Dittersdorf the Trooper (Gargoyle Fighter)          Turns: 2892, Time: 00:03:52

Health: -13/40     AC: 17    Str: 22    XL:     6   Next: 75%
Magic:  0/6        EV:  7    Int:  8    God:
Gold:   135        SH: 12    Dex:  9    Spells: 5/5 levels left

rFire   . . .        a - +0 flail
rCold   . . .        b - +0 tower shield
rNeg    + . .        c - +4 scale mail {rPois}
rPois   ∞            p - +1 helmet
rElec   +            (no cloak)
rCorr   +            (no gloves)
SInv    .            (no boots)
Will    .....        i - amulet of guardian spirit Stlth
                     v - ring of resist corrosion
HPRegen 0.26/turn    (no ring)
MPRegen 0.10/turn

%: guardian spirit
@: no status effects
A: sickness immunity, AC +4, negative energy resistance 1, electricity
resistance, torment resistance 1, petrification resistance
a: no special abilities


You were on level 5 of the Dungeon.
You visited 1 branch of the dungeon, and saw 5 of its levels.

You collected 135 gold pieces.

Inventory:

Hand Weapons
 a - a +0 flail (weapon)
Missiles
 w - 7 poisoned darts (quivered)
Armour
 b - a +0 tower shield (worn)
 c - a +4 scale mail of poison resistance (worn)
 p - a +1 helmet (worn)
Jewellery
 i - an amulet of guardian spirit (around neck)
 u - a ring of ice
 v - a ring of resist corrosion (left hand)
Scrolls
 f - a scroll of magic mapping
 j - a scroll of fear {unknown}
 k - a scroll of blinking {unknown}
 r - a scroll of fog {unknown}
 s - a scroll of enchant armour {unknown}
 x - a scroll of teleportation {unknown}
Potions
 d - a potion of might
 h - a potion of heal wounds
 l - a potion of cancellation {unknown}
 m - a potion of resistance {unknown}
 n - 3 potions of attraction {unknown}
 o - 2 potions of lignification {unknown}
 q - 2 potions of curing {unknown}
 t - a potion of invisibility {unknown}


   Skills:
 + Level 4.9 Fighting
 + Level 3.8 Maces & Flails
 + Level 4.9 Armour
 + Level 4.8 Shields


You had 5 spell levels left.
You didn't know any spells.
Your spell library contained the following spells:

 Spells                   Type           Power      Damage    Failure   Level
 Necrotise                Necr           0%         1d4       100%        1
 Vampiric Draining        Necr           0%         2d6       100%        3
 Agony                    Necr           0%         N/A       100%        5


Dungeon Overview and Level Annotations

Branches:
Dungeon (5/15)
 Temple: D:4-7

Altars:
Ashenzari
Yredelemnul

Shops:
D:5 ?


Innate Abilities, Weirdness & Mutations

You are immune to sickness and miasma.
Your stone body is resilient. (AC +4)
You are immune to poison.
You resist negative energy. (rN+)
You are resistant to electric shocks. (rElec)
You are resistant to unholy torment.
You are immune to petrification.


Message History

You block the gnoll's attack.
The gnoll hits you from afar with a +0 spear.
An ogre comes into view. It is wielding a +0 giant club.
The ogre shouts!
The gnoll hits you but does no damage.
Items here: ( )) ††.
You thump the gnoll!
The gnoll is almost dead.
You block the gnoll's attack.
You closely miss the gnoll.
The gnoll is almost dead.
The gnoll hits you with a +0 spear. You block the gnoll's attack.
You hit the gnoll.
You kill the gnoll!
You sock the ogre!
The ogre is moderately wounded.
The ogre hits you with a +0 giant club!
* * * LOW HITPOINT WARNING * * *
You are too injured to fight recklessly!
You are too injured to fight recklessly!
You are too injured to fight recklessly!
You are too injured to fight recklessly!
You are too injured to fight recklessly!
You are too injured to fight recklessly!
You are too injured to fight recklessly!
You are too injured to fight recklessly!
You are too injured to fight recklessly!
You are too injured to fight recklessly!
You are too injured to fight recklessly!
You are too injured to fight recklessly!
You are too injured to fight recklessly!
You are too injured to fight recklessly!
You are too injured to fight recklessly!
You are too injured to fight recklessly!
You are too injured to fight recklessly!
You closely miss the ogre.
The ogre is moderately wounded.
The ogre hits you with a +0 giant club!!
Ouch! That really hurt!
You die...

....##....##....##.
#.##..#.##..#.##..#
##.#..# #..##.#..#
##...## #.....#..# #..
##...###.)<..#..###..
#..................###
##.#........#.#.......
#.#........#.#.∩../..
#>.........#@#.......
#...........#O#.......
......................>
...######..##..........
.#. #......#....... .
#.####.#....... #.#
#.#....... #.#
..####..## #. #.. #..#


You could see an ogre.

Vanquished Creatures
  A water moccasin (D:5)
  2 hounds (D:4)
  An iguana (D:5)
  Robin (D:2)
  9 gnolls
  2 adders (D:2)
  An ufetubus (D:4)
  A dart slug (D:2)
  5 orcs
  2 endoplasms
  A giant cockroach (D:4)
  7 goblins
  8 hobgoblins
  5 kobolds
  3 quokkas
  9 ball pythons
  4 bats (D:3)
  4 frilled lizards
  4 rats
  A spectral kobold (D:3)
71 creatures vanquished.

Notes
Turn   | Place    | Note
-------+----------+-------------------------------------------
     0 | D:1      | Dittersdorf the Gargoyle Fighter began the quest for the
                  | Orb.
     0 | D:1      | Reached XP level 1. HP: 14/14 MP: 1/1
     0 | D:1      | Noticed a yellow draconian
     1 | D:1      | Noticed a tentacled monstrosity
     4 | D:1      | Noticed an iron dragon
     7 | D:1      | Noticed a shadow dragon
     8 | D:1      | Noticed an orb of fire
     9 | D:1      | Noticed an ice dragon
    12 | D:1      | Noticed a shadow dragon
    12 | D:1      | Noticed an orb of fire
    15 | D:1      | Noticed an orb of fire
    15 | D:1      | Noticed a yellow draconian
    17 | D:1      | Noticed a shadow dragon
    17 | D:1      | Noticed a shadow dragon
    19 | D:1      | Noticed a white draconian
    19 | D:1      | Noticed a shadow dragon
    23 | D:1      | Noticed an orb of fire
   257 | D:1      | Reached XP level 2. HP: 19/19 MP: 2/2
   923 | D:2      | Reached XP level 3. HP: 23/23 MP: 3/3
  1648 | D:2      | Noticed Robin
  1683 | D:2      | Killed Robin
  1684 | D:2      | Reached XP level 4. HP: 26/29 MP: 1/4
  2053 | D:3      | Found a faded altar of an unknown god.
  2174 | D:3      | Found a broken altar of Ashenzari.
  2192 | D:3      | Reached XP level 5. HP: 22/33 MP: 5/5
  2674 | D:4      | Found a basalt altar of Yredelemnul.
  2740 | D:5      | Entered Level 5 of the Dungeon
  2845 | D:5      | Noticed a water moccasin
  2846 | D:5      | Found Cesucum's Magic Scroll Boutique.
  2855 | D:5      | Reached XP level 6. HP: 39/39 MP: 6/6
  2867 | D:5      | Killed a water moccasin
  2892 | D:5      | Mangled by an ogre

Illustrated notes

Levels and vault maps discovered:
D:1:      shiori_arrival_whats_in_store_for_you, layout_loops_ring
D:2:      layout_basic, chequers_serial_rivers_micro_c, uniq_robin
D:3:      layout_loops_ring, nicolae_ashenzari_skybound,
          dreamdust_ecumenical_altar_drowned_temple
D:4:      layout_cave_pools, lemuel_crystal_altar
D:5:      layout_rooms, minmay_temple_entry_grid, serial_shops, shop,
          nicolae_eternal_life, uniq_prince_ribbit1

Skill      XL: |  1  2  3  4 |
---------------+-------------+-----
Fighting       | 4 |  4.9
Armour         | 4 |  4.9
Shields        | 4 |  4.8
Maces & Flails | 3 |  3.8

Action                     |  1- 3 |  4- 6 || total
---------------------------+-------+-------++-------
  Melee: Flail             |   106 |   167 ||   273
    Use: Scroll            |       |     3 ||     3
 Armour: Scale mail        |    61 |   138 ||   199
         Chain mail        |     3 |       ||     3
  Dodge: Dodged            |    37 |    81 ||   118
  Block: Buckler           |     6 |       ||     6
         Tower shield      |    63 |   175 ||   238

Table legend: (Time is in decaauts)
 A = Elapsed time spent in this place.
 B = Non-inter-level travel time spent in this place.
 C = Inter-level travel time spent in this place.
 D = Time resting spent in this place.
 E = Time spent auto-exploring this place.
 F = Levels seen in this place.
 G = Mean time per level.
                   A        B        C        D        E       F      G
               +--------+--------+--------+--------+--------+-----+--------+
         Total |   3033 |   2880 |    153 |    120 |   1885 |   5 |  606.6 |
       Dungeon |   3033 |   2880 |    153 |    120 |   1885 |   5 |  606.6 |
               +--------+--------+--------+--------+--------+-----+--------+

Top non-repeatable levels by time:
     D:2: 1030 daAuts
     D:3: 852 daAuts
     D:1: 823 daAuts
     D:4: 208 daAuts
     D:5: 119 daAuts
